 Dungeon Crawl Stone Soup version 0.16-a0-3708-g05dc7d7 (webtiles) character file.

7811 Gorice the Basher (level 10, -7/71 HPs)
             Began as a Demigod Wanderer on Jan 18, 2015.
             Mangled by a hill giant
             ... wielding a +0 giant club
              (18 damage)
             ... on level 11 of the Dungeon on Jan 19, 2015.
             The game lasted 02:12:58 (15243 turns).

Gorice the Basher (Demigod Wanderer)               Turns: 15243, Time: 02:12:58

Health: -7/71      AC: 16    Str: 17    XL:     10   Next: 70%
Magic:  18/23      EV: 10    Int: 20    God:
Gold:   194        SH:  0    Dex: 17    Spells: 1 memorised, 15 levels left

rFire  . . .     SeeInvis .     a - +1 morningstar
rCold  + . .     Clarity  .     v - +7 ring mail of the Evening Star {+Blink rPois- rN+ Int-2 Dex+2}
rNeg   + . .     SustAb   +     (no shield)
rPois  .         Gourm    .     (no helmet)
rElec  .         Spirit   .     h - +0 cloak
rCorr  .         Warding  .     (no gloves)
rMut   .         Stasis   .     u - +0 pair of boots
MR     +....                    (no amulet)
Stlth  +.........               R - ring of protection from cold
                                T - ring of poison resistance

@: very slightly contaminated, somewhat resistant to hostile enchantments, very
unstealthy
A: clever 1, sustain abilities
a: Evoke Blink


You were on level 11 of the Dungeon.
You were not hungry.

You visited 2 branches of the dungeon, and saw 12 of its levels.
You also visited: Sewer and Ossuary.

You collected 728 gold pieces.
You spent 534 gold pieces at shops.

Inventory:

Hand weapons
 a - a +1 morningstar (weapon)
 b - a +0 hunting sling of flaming
   (You found it on level 1 of the Dungeon)
 B - a +0 blowgun
Missiles
 f - 4 tomahawks of returning
 q - 15 javelins (quivered)
 y - 98 sling bullets
 G - 2 curare-tipped needles
 Y - a throwing net
 Z - 288 stones
Armour
 h - a +0 cloak (worn)
 u - a +0 pair of boots (worn)
 v - the +7 ring mail of the Evening Star (worn) {+Blink rPois- rN+ Int-2 Dex+2}
   (You found it on level 9 of the Dungeon)

   It affects your intelligence (-2).
   It affects your dexterity (+2).
   It protects you from poison.
   It protects you from negative energy.
   It lets you blink.
Jewellery
 E - an uncursed ring of flight
 R - a ring of protection from cold (right hand)
 T - a ring of poison resistance (left hand)
Magical devices
 j - a wand of digging (8)
 m - a wand of hasting (7)
 s - a wand of magic darts (35)
 I - a wand of enslavement (10)
 K - a wand of lightning (8)
Scrolls
 e - a scroll of remove curse
 i - 7 scrolls of fog
 n - 5 scrolls of teleportation
 x - a scroll of blinking
 F - a scroll of fear
Potions
 g - 2 potions of resistance
 l - 11 potions of curing
 o - 3 potions of invisibility
 p - 2 potions of lignification
 r - a potion of heal wounds
 t - 3 potions of agility
 z - 4 potions of magic {unknown}
 A - 2 potions of berserk rage {unknown}
 J - a potion of might
 L - 2 potions of cure mutation {unknown}
 M - a potion of cancellation {unknown}
 S - a potion of mutation {unknown}
 V - a potion of flight
Books
 c - a book of Unlife
Comestibles
 d - 10 bread rations
 k - 6 beef jerkies
 w - 7 fruits


   Skills:
 - Level 1.0 Fighting
 * Level 11.1 Maces & Flails
 - Level 1.0 Throwing
 + Level 8.8 Armour
   Level 1.0 Shields
 - Level 3.5 Spellcasting
 - Level 5.0 Conjurations
   Level 1.7 Fire Magic
 - Level 3.0 Poison Magic


You had 15 spell levels left.
You knew the following spells:

 Your Spells              Type           Power        Failure   Level  Hunger
a - Sting                 Conj/Pois      ###.         6%          1    None


Dungeon Overview and Level Annotations

Branches:
Dungeon (11/15)            Temple (1/1) D:5             Orc (0/4) D:9
   Lair: D:8-11

Shops:
D:8 }   D:9 }!

Annotations:
D:7 !, B1inky's ghost, experienced DsFi


Innate Abilities, Weirdness & Mutations

Your attributes are resistant to harm.
Your mind is acute. (Int +2)


Message History

Aim: a hill giant, wielding a giant club (heavily wounded, poisoned)
The sting hits the hill giant.
The hill giant is heavily wounded.
Casting: Sting
Confirm with . or Enter, or press ? or * to list all spells.
Aiming: Sting
Press: ? - help, Shift-Dir - straight line, f/p - hill giant
Aim: a hill giant, wielding a giant club (heavily wounded, poisoned)
The sting hits the hill giant.
The hill giant looks even sicker.
The hill giant is heavily wounded.
Drink which item? (? for menu, Esc to quit)
You feel much better.
The hill giant hits you with a giant club!!
* * * LOW HITPOINT WARNING * * *
You hit the hill giant.
The hill giant is severely wounded.
You puncture the hill giant!
The hill giant is severely wounded.
The hill giant hits you with a giant club!!
You die...

... #....# ##....
#..... #..o. ###.
..o. ...# ..# ...#
#o# ##... . #@##
#..# #. .
##C###..# .. #.
#......# .# [
#......#..# #.
##.........#
#.####..#..####.<#
#.....###..# .[.#
......#..## ##.#
## .##..##.#####.#


You could see a hill giant and 3 orcs.

Vanquished Creatures
  Joseph (D:8)
  A gargoyle (D:10)
  A kobold demonologist (D:9)
  A troll (D:9)
  A two-headed ogre (D:10)
  A deep elf mage (D:10)
  A hungry ghost (D:8)
  Eustachio (D:9)
  3 yaks (D:10)
  2 wyverns (D:10)
  A water moccasin (D:10)
  2 hippogriffs (D:9)
  4 orc warriors
  A phantom (D:7)
  A sky beast (D:7)
  An ice beast (D:8)
  4 ogres
  2 necrophages
  A crocodile (D:7)
  6 centaurs
  Sigmund (D:7)
  Duvessa (D:7)
  9 giant frogs
  A big kobold (D:9)
  A wyvern skeleton (D:8)
  5 scorpions
  9 wights
  3 killer bees (D:10)
  6 crimson imps
  Dowan (D:7)
  A goliath beetle (D:9)
  A centaur skeleton (D:5)
  A giant frog zombie (D:9)
  A gnoll shaman (D:10)
  3 hounds
  9 orc wizards
  A jelly (D:9)
  A giant frog skeleton (D:10)
  3 orc priests
  4 iguanas
  2 worker ants
  A necrophage skeleton (D:9)
  A hound zombie (D:7)
  8 mummies (Ossuary)
  2 hound skeletons
  20 adders
  9 gnolls
  A worker ant zombie (D:9)
  3 shadow imps
  7 worms
  A giant mite (D:4)
  2 adder zombies
  8 giant geckos
  55 orcs
  3 ball pythons
  14 bats
  A bat skeleton (D:4)
  4 giant cockroaches
  A gnoll zombie (Ossuary)
  15 goblins
  17 hobgoblins
  26 kobolds
  2 quokkas (D:6)
  A giant gecko skeleton (D:6)
  2 giant gecko zombies
  16 giant newts
  A giant spore (D:10)
  3 hobgoblin zombies (Ossuary)
  19 jackals
  3 kobold zombies (Ossuary)
  An orc zombie (Ossuary)
  A quokka skeleton (D:4)
  14 rats
  A ballistomycete (D:10)
  6 plants (Sewer)
369 creatures vanquished.

Vanquished Creatures (others)
  An orc wizard (D:3)
1 creature vanquished.

Grand Total: 370 creatures vanquished

Notes
Turn   | Place    | Note
--------------------------------------------------------------
     0 | D:1      | Gorice, the Demigod Wanderer, began the quest for the Orb.
     0 | D:1      | Gorice set off with: a +2 scale mail, Pius' Almanac of Confrontation, a +0 club, a bread ration
     0 | D:1      | Reached XP level 1. HP: 16/16 MP: 3/3
     0 | D:1      | Identified Pius' Almanac of Confrontation
     2 | D:1      | Learned a level 1 spell: Sting
   179 | D:1      | Reached skill level 1 in Maces & Flails
   332 | D:1      | Reached XP level 2. HP: 18/23 MP: 4/4
   459 | D:1      | Reached skill level 4 in Armour
   867 | D:2      | Gained mutation: Your mind is acute. (Int +2) [potion of beneficial mutation]
  1088 | D:2      | Reached XP level 3. HP: 28/28 MP: 6/6
  1284 | D:2      | Found a basalt altar of Yredelemnul.
  1319 | D:2      | Reached skill level 2 in Maces & Flails
  1794 | D:3      | Found a glowing drain.
  1808 | D:3      | Reached XP level 4. HP: 35/35 MP: 8/8
  1825 | Sewer    | Entered a sewer
  2218 | Sewer    | Reached skill level 3 in Maces & Flails
  2464 | Sewer    | Upgraded the game from 0.16-a0-3699-g1c51eb1 to 0.16-a0-3708-g05dc7d7
  3113 | D:3      | Reached XP level 5. HP: 13/40 MP: 10/10
  3417 | D:3      | Reached skill level 4 in Maces & Flails
  3465 | D:3      | Reached skill level 5 in Armour
  4039 | D:3      | Reached XP level 6. HP: 41/47 MP: 12/12
  4837 | D:4      | Reached skill level 1 in Poison Magic
  5355 | D:5      | Entered Level 5 of the Dungeon
  5368 | D:4      | Reached skill level 5 in Maces & Flails
  5368 | D:4      | Reached skill level 1 in Conjurations
  5368 | D:4      | Reached XP level 7. HP: 35/52 MP: 12/14
  5911 | D:5      | Found a staircase to the Ecumenical Temple.
  5924 | D:5      | Got a crude cloak
  5938 | D:5      | Identified the cursed -5 cloak of the End {rF+ Str+4 Int+4} (You found it on level 5 of the Dungeon)
  6010 | Temple   | Entered the Ecumenical Temple
  6273 | D:5      | Reached skill level 2 in Poison Magic
  6496 | D:5      | Reached skill level 2 in Conjurations
  6726 | D:6      | Found an opulent altar of Gozag.
  6819 | D:6      | Found a sand-covered staircase.
  6844 | Ossuary  | Entered an ossuary
  7113 | Ossuary  | Reached skill level 6 in Armour
  7126 | Ossuary  | Reached skill level 6 in Maces & Flails
  7526 | D:6      | Found a stormy altar of Qazlal.
  7688 | D:6      | Reached XP level 8. HP: 54/59 MP: 15/15
  8232 | D:6      | Reached skill level 3 in Poison Magic
  8255 | D:7      | Noticed Sigmund
  8264 | D:7      | Killed Sigmund
  8264 | D:7      | Reached skill level 3 in Conjurations
  8266 | D:7      | Noticed B1inky's ghost (experienced DsFi)
  8561 | D:7      | Reached skill level 7 in Maces & Flails
  8774 | D:7      | Noticed Dowan
  8801 | D:7      | Killed Dowan
  8801 | D:7      | Reached skill level 2 in Spellcasting
  8853 | D:7      | Found a shattered altar of Ashenzari.
  9008 | D:7      | Found a shadowy altar of Dithmenos.
  9056 | D:7      | Got a jewelled quarterstaff
  9057 | D:7      | Identified the +6 quarterstaff "Jellybane" {flame, +Inv Int+2} (You found it on level 7 of the Dungeon)
  9156 | D:7      | Noticed Duvessa
  9169 | D:7      | Killed Duvessa
  9228 | D:7      | Found a deep blue altar of Sif Muna.
  9420 | D:7      | Reached XP level 9. HP: 64/64 MP: 20/20
  9793 | D:8      | Got a faintly humming leather armour
  9819 | D:7      | Identified the -4 leather armour of the Game Afoot {+Fly rElec rF+ rN+ Int+6} (You found it on level 8 of the Dungeon)
  9866 | D:8      | Found Fricsenu's Gadget Emporium.
  9874 | D:8      | Bought a wand of hasting (1) for 390 gold pieces
  9890 | D:8      | Reached skill level 8 in Maces & Flails
  9890 | D:8      | Reached skill level 3 in Spellcasting
  9952 | D:8      | Reached skill level 7 in Armour
 10290 | D:8      | Noticed Joseph
 10341 | D:8      | Killed Joseph
 10783 | D:8      | Reached skill level 4 in Conjurations
 10850 | D:8      | Found an iron altar of Okawaru.
 11049 | D:8      | Reached skill level 9 in Maces & Flails
 11126 | D:9      | Noticed a hill giant
 11324 | D:9      | Found Skudwes' Gadget Boutique.
 11873 | D:9      | Noticed a kobold demonologist
 11916 | D:9      | Killed a kobold demonologist
 11916 | D:9      | Reached XP level 10. HP: 34/71 MP: 23/23
 12331 | D:9      | Noticed Eustachio
 12366 | D:9      | Killed Eustachio
 12366 | D:9      | Reached skill level 8 in Armour
 12366 | D:9      | Reached skill level 5 in Conjurations
 12498 | D:9      | Found Koku's Distillery.
 12508 | D:9      | Bought a potion of flight for 48 gold pieces
 12508 | D:9      | Bought a potion of degeneration for 16 gold pieces
 12508 | D:9      | Bought a potion of heal wounds for 80 gold pieces
 12644 | D:9      | Found a radiant altar of Vehumet.
 12970 | D:9      | Reached skill level 10 in Maces & Flails
 13011 | D:9      | Found a staircase to the Orcish Mines.
 13137 | D:9      | Got a polished ring mail
 13148 | D:9      | Identified the +7 ring mail of the Evening Star {+Blink rPois- rN+ Int-2 Dex+2} (You found it on level 9 of the Dungeon)
 13389 | Temple   | Identified a scroll of acquirement
 13464 | D:10     | Entered Level 10 of the Dungeon
 13830 | D:10     | Got a pitted ring mail
 13855 | D:10     | Identified the cursed -1 ring mail of the Queen {+Fly Dex+4} (You found it on level 10 of the Dungeon)
 14299 | D:10     | Found an opulent altar of Gozag.
 14365 | D:10     | Found a bloodstained altar of Trog.
 14858 | D:10     | Reached skill level 11 in Maces & Flails
 15222 | D:11     | Noticed a hill giant
 15243 | D:11     | Mangled by a hill giant

Action                   |  1- 3 |  4- 6 |  7- 9 | 10-12 || total
-------------------------+-------+-------+-------+-------++-------
Melee: Club              |   181 |       |       |       ||   181
       Morningstar       |       |   323 |   468 |   292 ||  1083
       Whip              |       |       |     4 |       ||     4
       Hunting sling     |       |       |       |     5 ||     5
 Fire: Hunting sling     |    60 |   116 |   106 |    12 ||   294
       Blowgun           |       |    26 |    44 |       ||    70
Throw: Tomahawk          |       |     2 |    41 |       ||    43
       Javelin           |       |     1 |    48 |     2 ||    51
 Cast: Sting             |       |       |    31 |   159 ||   190
 Abil: Evoke Blink       |       |       |       |     1 ||     1
  Use: Scroll            |     6 |     4 |    12 |     4 ||    26
       Potion            |     2 |       |     3 |     2 ||     7
 Stab: Invisible         |       |       |     2 |       ||     2
  Eat: Chunk             |     3 |    11 |    19 |    11 ||    44
       Pizza             |       |     1 |     1 |       ||     2
       Beef jerky        |       |       |     1 |       ||     1

Table legend:
 A = Turns spent in this place as a percentage of turns spent in the entire game.
 B = Non-inter-level travel turns spent in this place as a percentage of non-inter-level travel turns spent in the entire game.
 C = Inter-level travel turns spent in this place as a percentage of turns spent in this place.
 D = Turns resting spent in this place as a percentage of non-inter-level travel turns spent in this place.
 E = Turns spent auto-exploring this place as a percentage of non-inter-level travel turns spent in this place.
 F = Non-inter-level travel turns spent in this place divided by the number of levels of this place that you've seen.
                   A       B       C       D       E      F
               +-------+-------+-------+-------+-------+----------------------
         Total | 100.0 | 100.0 |   0.4 |   1.9 |   3.2 | 478.9
       Dungeon |  85.7 |  85.7 |   0.4 |   2.0 |   3.6 | 522.0
        Temple |   1.6 |   1.6 |   2.7 |   0.0 |   0.0 | 108.0
         Sewer |   8.9 |   9.0 |   0.0 |   2.0 |   1.2 | 601.0
       Ossuary |   3.8 |   3.8 |   0.0 |   0.8 |   0.4 | 253.0
               +-------+-------+-------+-------+-------+----------------------

Vault maps used:
D:1:      sevenhm_arrival_forest_fort_large_2
D:2:      yredelemnul_altar_generic, first_bread
D:3:      gup_sewer_entry_glass
D:4:      kennysheep_cross_bottleneck
D:5:      minmay_temple_entry_statues_pillars, minmay_lizard_king
D:6:      nicolae_gozag_cash_rules_everything_around_me,
          nicolae_overflow_hidden_temple, enter_ossuary_5,
          minmay_misc_feat_columns, minmay_crossroads
D:7:      led_sif_pool, ashenzari_conservatory_becter, basic_altar,
          uniq_duvessa, uniq_sigmund
D:8:      okawaru_trees_1, serial_shops, shop, serial_glass, glass_columns_a,
          glass_columns_a, glass_columns_a, glass_columns_b, glass_columns_b,
          glass_columns_a, glass_columns_b, glass_columns_b, glass_columns_c,
          glass_columns_a, glass_columns_b, glass_columns_b, glass_columns_b,
          glass_columns_b, uniq_joseph
D:9:      minmay_opposing_rooms, kennysheep_little_box, hiddenorc1_lemuel,
          serial_shops, nicolae_shop_waterfront, nicolae_shop_stone,
          uniq_eustachio
D:10:     grunt_ogre_cave, hangedman_feature_mirror
D:11:     lair_0_dummy
Temple:   circular_temple_12
Sewer:    sewer_co_scattered_pipes
Ossuary:  ossuary_tomb_3
